 Dungeon Crawl Stone Soup version 0.32-a0-131-g9dbbe29261 (webtiles) character file.

Game seed: 10519791886360866962

201 juan097 the Trooper (level 5, -2/53 HPs)
             Began as an Oni Warper on Feb 8, 2024.
             Was a Believer of Hepliaklqana.
             Slain by an orc
             ... wielding a +0 mace
              (7 damage)
             ... on level 4 of the Dungeon.
             The game lasted 00:07:30 (2671 turns).

juan097 the Trooper (Oni Warper)                    Turns: 2671, Time: 00:07:30

Health: -2/53      AC:  3    Str: 17    XL:     5   Next: 79%
Magic:  8/8        EV:  9    Int: 14    God:    Hepliaklqana [**....]
Gold:   34         SH:  0    Dex:  8    Spells: 8/8 levels left

rFire   . . .        a - +0 mace
rCold   . . .        (no shield)
rNeg    . . .        b - +0 robe
rPois   .            (helmet restricted)
rElec   .            (no cloak)
rCorr   .            (gloves unavailable)
SInv    .            (boots unavailable)
Will    .....        (no amulet)
Stlth   +            (no ring)
HPRegen 0.28/turn    (no ring)
MPRegen 0.11/turn

%: no passive effects
@: no status effects
A: reduced essence, large, unfitting armour, horns 1, tough skin 1, double
potion healing, drunken brawling
a: Renounce Religion, Recall Ancestor, Ancestor Identity


You were on level 4 of the Dungeon.
You worshipped Hepliaklqana.
Hepliaklqana was pleased with you.
You visited 1 branch of the dungeon, and saw 4 of its levels.

You collected 137 gold pieces.
You spent 103 gold pieces at shops.

Inventory:

Hand Weapons
 a - a +0 mace (weapon)
Missiles
 d - 7 darts of dispersal
 g - 13 poisoned darts
Armour
 b - a +0 robe (worn)
Magical Staves
 r - a staff of air
Scrolls
 c - 2 scrolls of blinking
 f - 4 scrolls of teleportation
 i - 2 scrolls of fog {unknown}
 j - a scroll of enchant weapon {unknown}
 l - a scroll of acquirement {unknown}
 m - a scroll of amnesia {unknown}
 n - 3 scrolls of identify
 o - a scroll of revelation {unknown}
 p - a scroll of enchant armour {unknown}
Potions
 e - a potion of curing
 k - a potion of haste {unknown}
 q - a potion of mutation {unknown}
 s - a potion of heal wounds {unknown}


   Skills:
 + Level 5.7 Fighting
 + Level 4.3 Maces & Flails
 - Level 1.0 Throwing
 - Level 2.1 Dodging
 - Level 2.4 Spellcasting
 - Level 2.6 Translocations


You had 8 spell levels left.
You didn't know any spells.
Your spell library contained the following spells:

 Spells                   Type           Power      Damage    Failure   Level
 Apportation              Tloc           18%        N/A       8%          1
 Blink                    Tloc           18%        N/A       12%         2
 Lesser Beckoning         Tloc           18%        N/A       12%         2
 Necrotise                Necr           4%         1d4       22%         1
 Sting                    Conj/Alch      4%         1d3       22%         1
 Summon Small Mammal      Summ           4%         N/A       22%         1
 Teleport Other           Tloc           9%         N/A       22%         3
 Manifold Assault         Tloc           9%         N/A       58%         4
 Vhi's Electric Charge    Tloc/Air       10%        N/A       78%         4


Dungeon Overview and Level Annotations

Branches:
Dungeon (4/15)
 Temple: D:4-7

Altars:
Ashenzari
Hepliaklqana

Shops:
D:2 ?   D:3 !

Annotations:
D:3 1 runed translucent door, jestert79's ghost, weakling DjNe


Innate Abilities, Weirdness & Mutations

Your life essence is reduced to manifest your ancestor. (-10% HP)
You are too large for most types of armour.
You have a pair of small horns on your head.
You have tough skin. (AC +1)
You gain doubled healing and magic from potions.
Whenever you drink a healing potion, you attack all around you.


Message History

You are too injured to fight recklessly!
You are too injured to fight recklessly!
You are too injured to fight recklessly!
You are too injured to fight recklessly!
You are too injured to fight recklessly!
You are too injured to fight recklessly!
You are too injured to fight recklessly!
You are too injured to fight recklessly!
You are too injured to fight recklessly!
You are too injured to fight recklessly!
You are too injured to fight recklessly!
You are too injured to fight recklessly!
You hit something but do no damage. Your headbutt misses something.
Your punch misses something.
Tlaloc closely misses something.
Something hits you. The orc hits you but does no damage.
You hit something but do no damage.
Tlaloc barely misses something.
Something hits you. The orc hits you with a +0 mace!
* * * LOW HITPOINT WARNING * * *
You miss something. Your headbutt misses something. Something hits you.
* * * LOW HITPOINT WARNING * * *
The orc hits you with a +0 mace.
* * * LOW HITPOINT WARNING * * *
Tlaloc hits something with a +0 flail!
Reactivating autopickup.
You feel a bit more experienced.
You barely miss the orc. Your punch misses the orc.
The orc hits you with a +0 mace.
* * * LOW HITPOINT WARNING * * *
Tlaloc hits the orc but does no damage.
You hit the orc.
The orc is heavily wounded.
The orc completely misses you. The orc barely misses you.
A hobgoblin comes into view.
The hobgoblin shouts!
You hit the orc.
The orc is heavily wounded.
A scorpion comes into view.
Tlaloc hits the orc with a +0 flail.
The orc hits you with a +0 mace!
You die...
Hepliaklqana delivers you to your ancestors.

#..#g#
s....
##....
#.... #
###...##.#
.......
#..o##.##
#.@)R((.#
#.........
##.......(
....).$..
#..##.###
.... ...
#... ###
.....


You could see the friendly Tlaloc the knight, a scorpion, an orc (ally target)
and a hobgoblin.

Vanquished Creatures
  2 orc priests (D:3)
  3 adders
  2 dart slugs
  A ribbon worm (D:2)
  3 orcs
  An endoplasm (D:2)
  A giant cockroach (D:3)
  8 goblins
  2 hobgoblins (D:1)
  4 quokkas
  8 ball pythons
  5 bats
  2 frilled lizards (D:2)
  4 kobolds
  2 rats (D:2)
48 creatures vanquished.

Vanquished Creatures (collateral kills)
  An orc wizard (D:4)
  2 adders
  A dart slug (D:2)
  A ribbon worm (D:3)
  An orc (D:4)
  2 endoplasms
  A goblin (D:1)
  A kobold (D:2)
  2 bats
  A rat (D:2)
13 creatures vanquished.

Vanquished Creatures (others)
  An ancestor (D:2)
1 creature vanquished.

Grand Total: 62 creatures vanquished

Notes
Turn   | Place    | Note
-------+----------+-------------------------------------------
     0 | D:1      | juan097 the Oni Warper began the quest for the Orb.
     0 | D:1      | Reached XP level 1. HP: 22/22 MP: 3/3
   265 | D:1      | Reached skill level 3 in Fighting
   314 | D:1      | Reached XP level 2. HP: 31/31 MP: 5/5
   483 | D:1      | Found a faded altar of an unknown god.
   486 | D:1      | Prayed at the altar of an unknown god.
   486 | D:1      | Became a worshipper of Hepliaklqana the Forgotten
   486 | D:1      | Reached * piety under Hepliaklqana
   898 | D:2      | Reached XP level 3. HP: 35/35 MP: 6/6
   955 | D:2      | Reached skill level 4 in Fighting
  1305 | D:2      | Found Vusoysoi's Magic Scroll Boutique.
  1319 | D:2      | Reached XP level 4. HP: 23/38 MP: 7/7
  1397 | D:2      | Bought a scroll of teleportation for 30 gold pieces
  1397 | D:2      | Bought a scroll of identify for 20 gold pieces
  1397 | D:2      | Bought a scroll of identify for 20 gold pieces
  1500 | D:2      | Identified the +0 ring mail of Sif Muna's Anger {+Inv rElec
                  | rF++ Slay-6}
  1559 | D:2      | Reached ** piety under Hepliaklqana
  1560 | D:2      | Remembered your ancestor Tlaloc as a knight
  1830 | D:3      | Found Kiveyv's Distillery.
  1833 | D:3      | Bought a potion of curing for 33 gold pieces
  2046 | D:3      | Found a runed translucent door.
  2050 | D:3      | Noticed jestert79's ghost (weakling DjNe)
  2102 | D:3      | Found a broken altar of Ashenzari.
  2236 | D:3      | Reached skill level 5 in Fighting
  2236 | D:3      | Reached XP level 5. HP: 7/51 MP: 8/8
  2671 | D:4      | Slain by an orc

Illustrated notes

Levels and vault maps discovered:
D:1:      minmay_arrival_cross, layout_basic,
          shapermc_ecumenical_altar_mp_vishouse, dreamdust_princess_corridor,
          hangedman_decor_growths
D:2:      cheibrodos_helix_gallery, layout_loops_cross, serial_shops, shop
D:3:      layout_loops_ring, general_overflow_altar,
          ebering_ghost_reflecting_pool, serial_shops,
          nicolae_shop_real_fake_doors
D:4:      layout_basic, grunt_qazlal_sundering, kennysheep_mini_moat,
          chei_slow_surprise, temple_green, serial_shops, shop, uniq_ijyb

Skill      XL: |  1  2  3  4  5 |
---------------+----------------+-----
Fighting       | 3 4 5 |  5.7
Maces & Flails | 3 4 |  4.3
Throwing       | |  1.0
Dodging        | |  2.1
Spellcasting   | |  2.4
Translocations | |  2.6

Action                     |  1- 3 |  4- 6 || total
---------------------------+-------+-------++-------
  Melee: Mace              |    83 |    71 ||   154
         Headbutt          |     8 |     9 ||    17
         Punch             |     4 |     3 ||     7
  Throw: Dart              |     2 |       ||     2
         Large rock        |       |     3 ||     3
 Invoke: Ancestor Identity |     1 |       ||     1
         Ancestor Life: Kn |       |     1 ||     1
    Use: Potion            |       |     1 ||     1
   Stab: Distracted        |       |     2 ||     2
 Armour: Robe              |    75 |    58 ||   133
  Dodge: Dodged            |    56 |    42 ||    98

Table legend: (Time is in decaauts)
 A = Elapsed time spent in this place.
 B = Non-inter-level travel time spent in this place.
 C = Inter-level travel time spent in this place.
 D = Time resting spent in this place.
 E = Time spent auto-exploring this place.
 F = Levels seen in this place.
 G = Mean time per level.
                   A        B        C        D        E       F      G
               +--------+--------+--------+--------+--------+-----+--------+
         Total |   2711 |   2585 |    126 |     34 |   2069 |   4 |  677.8 |
       Dungeon |   2711 |   2585 |    126 |     34 |   2069 |   4 |  677.8 |
               +--------+--------+--------+--------+--------+-----+--------+

Top non-repeatable levels by time:
     D:3: 984 daAuts
     D:2: 969 daAuts
     D:1: 731 daAuts
     D:4: 24 daAuts
